 Dungeon Crawl Stone Soup version 0.30-a0-23-ge60ba3568b (webtiles) character file.

Game seed: 3339724213238499009

28 Newt the Trooper (level 2, -1/23 HPs)
             Began as a Demonspawn Gladiator on Aug 24, 2022.
             Slain by a goblin
             ... wielding a +0 dagger
             ... led by Robin
              (3 damage)
             ... on level 1 of the Dungeon.
             The game lasted 00:01:52 (1087 turns).

Newt the Trooper (Demonspawn Gladiator)             Turns: 1087, Time: 00:01:52

Health: -1/23      AC:  8    Str: 14    XL:     2   Next: 96%
Magic:  2/2        EV: 10    Int:  9    God:
Gold:   76         SH:  0    Dex: 14    Spells: 1/1 levels left

rFire   . . .      SeeInvis .    a - +0 rapier
rCold   . . .      Faith    .    (no shield)
rNeg    + . .      Spirit   .    k - +1 scale mail {rN+}
rPois   .          Reflect  .    c - +0 helmet
rElec   .          Harm     .    (no cloak)
rCorr   .          Rampage  .    (no gloves)
Will    .....                    (no boots)
Stlth   +.........               (no amulet)
HPRegen 0.07/turn                (no ring)
MPRegen 0.08/turn                (no ring)

@: about to teleport, attractive
A: weakness stinger 1
a: no special abilities


You were on level 1 of the Dungeon.
You visited 1 branch of the dungeon, and saw 2 of its levels.

You collected 76 gold pieces.

Inventory:

Hand Weapons
 a - a +0 rapier (weapon)
Missiles
 d - 3 throwing nets (quivered)
 e - a javelin
Armour
 b - a +0 leather armour
 c - a +0 helmet (worn)
 k - a +1 scale mail of positive energy (worn)
Scrolls
 j - a scroll of noise {unknown}


   Skills:
 + Level 2.7 Fighting
 - Level 2.6 Short Blades
 - Level 1.7 Throwing
 - Level 2.6 Dodging
 - Level 2.0 Stealth


You had one spell level left.
You didn't know any spells.
Your spell library contained the following spells:

 Spells                   Type           Power      Damage    Failure   Level
 Beastly Appendage        Tmut           0%         N/A       88%         1
 Sting                    Tmut/Pois      0%         1d3       88%         1
 Summon Small Mammal      Summ           0%         N/A       88%         1
 Wereblood                Tmut           0%         N/A       95%         2
 Call Canine Familiar     Summ           0%         N/A       99%         3
 Spider Form              Tmut/Pois      0%         N/A       99%         3
 Summon Guardian Golem    Hex/Summ       0%         N/A       99%         3


Dungeon Overview and Level Annotations

Branches:
Dungeon (2/15)

Altars:

Annotations:
D:1 Robin


Innate Abilities, Weirdness & Mutations

You have a small tail.


Message History

Unknown command.
You closely miss the goblin. The goblin hits you but does no damage.
Robin throws the goblin at you!
The hobgoblin hits you but does no damage.
The goblin hits you with a +0 dagger.
Unknown command.
You completely miss the goblin.
Your tail-slap misses the goblin.
The goblin hits you but does no damage. Robin misses you.
The goblin barely misses you. The hobgoblin closely misses you.
The goblin closely misses you. The goblin hits you but does no damage.
Robin hits you but does no damage. The hobgoblin closely misses you.
You barely miss the goblin. The goblin barely misses you.
Robin hits you with a +0 mace.
* * * LOW HITPOINT WARNING * * *
The hobgoblin barely misses you. The goblin hits you but does no damage.
Unknown command.
Okay, then.
Okay, then.
Unknown command.
Robin throws the goblin at you! The goblin hits you but does no damage.
The hobgoblin attacks as you move away! The hobgoblin hits you.
* * * LOW HITPOINT WARNING * * *
It was a potion of attraction.
You feel attractive to monsters.
The hobgoblin hits you but does no damage.
Robin attacks as you move away! Robin hits you but does no damage.
As you read the scroll labelled HUOCWO JANO, it crumbles to dust.
It is a scroll of identify.
h - a scroll of poison The goblin hits you but does no damage.
Robin closely misses you. The hobgoblin barely misses you.
The goblin hits you but does no damage.
As you read the scroll labelled ZASUSS BIUMM, it crumbles to dust.
You feel strangely unstable.
It was a scroll of teleportation.
The goblin barely misses you. Robin throws the goblin at you!
The hobgoblin misses you. The goblin hits you but does no damage.
Really read the scroll of poison?
The air fills with toxic fumes!
As you read the scroll of poison, it crumbles to dust.
The goblin hits you with a +0 dagger.
You die...

#.....#.# #....
#####§#§######....
#§§..§§)..........
#§##§§............
######§##§.............
#§§§§§§§§..............
#§§§§§§§#...........###
#§§§§§§g#.#..........÷.
#§§§§g@§#.##########...
####§g§g+.# ####...
#§§§§§§§### #......
#§§§#§§§### ####......
#§§§§§§§§.# #.......##
#§§§#§§§#§# #.......#
#§.§#§§§#§####....####
#§§.#§§§#.§.##....#
#...#...###..#....#


You could see Robin, a hobgoblin (strong) and 2 goblins.

Vanquished Creatures
  A bat (D:1)
  2 endoplasms (D:1)
  2 giant cockroaches (D:1)
  6 goblins
  3 hobgoblins (D:1)
  A quokka (D:1)
  2 ball pythons (D:1)
  4 frilled lizards (D:1)
  4 rats (D:1)
25 creatures vanquished.

Vanquished Creatures (others)
  4 toadstools (D:1)
4 creatures vanquished.

Grand Total: 29 creatures vanquished

Notes
Turn   | Place    | Note
-------+----------+-------------------------------------------
     0 | D:1      | Newt the Demonspawn Gladiator began the quest for the Orb.
     0 | D:1      | Reached XP level 1. HP: 16/16 MP: 1/1
   112 | D:1      | Reached skill level 1 in Stealth
   122 | D:1      | Found a faded altar of an unknown god.
   161 | D:1      | Got Plato's Directory of the Figure
   265 | D:1      | Gained mutation: You have a small tail. [demonic ancestry]
   265 | D:1      | Reached XP level 2. HP: 19/22 MP: 2/2
   849 | D:2      | Noticed Robin
  1081 | D:1      | HP: 1/23 [hobgoblin[Robin] (5)]
  1087 | D:1      | Slain by a goblin

Illustrated notes

Levels and vault maps discovered:
D:1:      ldierk_water_garden, layout_basic, shapermc_ecumenical_altar_rom_forum
D:2:      layout_basic, basic_altar, serial_corexii_hall,
          corexii_hall_statues_l, corexii_hall_statues_i,
          chequers_hall_statues_wall_a, corexii_hall_statues_x,
          corexii_hall_statues_i, chequers_hall_statues_corner_a, uniq_robin

Skill      XL: |  1  2 |
---------------+-------+-----
Stealth        | 1 2 |  2.0
Fighting       | |  2.7
Short Blades   | |  2.6
Throwing       | |  1.7
Dodging        | |  2.6

Action                   || total
-------------------------++-------
Melee: Rapier            ||    86
       Tailslap          ||     7
       Punch             ||     1
  Use: Scroll            ||     3
       Potion            ||     1
 Stab: Sleeping          ||     3
Armor: Leather armour    ||    11
       Scale mail        ||    50
Dodge: Dodged            ||    75

Table legend: (Time is in decaauts)
 A = Elapsed time spent in this place.
 B = Non-inter-level travel time spent in this place.
 C = Inter-level travel time spent in this place.
 D = Time resting spent in this place.
 E = Time spent auto-exploring this place.
 F = Levels seen in this place.
 G = Mean time per level.
                   A        B        C        D        E       F      G
               +--------+--------+--------+--------+--------+-----+--------+
         Total |   1102 |   1100 |      2 |      0 |    912 |   2 |  551.0 |
       Dungeon |   1102 |   1100 |      2 |      0 |    912 |   2 |  551.0 |
               +--------+--------+--------+--------+--------+-----+--------+

Top non-repeatable levels by time:
     D:1: 1092 daAuts
     D:2: 10 daAuts
